 Dungeon Crawl Stone Soup version 0.28-a0-823-gb444dcf96d (webtiles) character file.

Game seed: 11486203028675442234

1123 Tinkle the Cleaver (level 8, 0/68 HPs)
             Began as a Minotaur Berserker on Nov 9, 2021.
             Was a Priest of Trog.
             Killed by divine providence
             ... invoked by an orc priest
              (15 damage)
             ... on level 6 of the Dungeon on Nov 10, 2021.
             The game lasted 00:13:39 (5074 turns).

Tinkle the Cleaver (Minotaur Berserker)             Turns: 5074, Time: 00:13:39

Health: 0/68       AC: 10    Str: 29    XL:     8   Next: 13%
Magic:  7/7        EV:  6    Int:  5    God:    Trog [***...]
Gold:   214        SH:  7    Dex: 10    Spells: 7/7 levels left

rFire   + . .      SeeInvis .   a - +0 war axe
rCold   . . .      Faith    +   v - +0 kite shield
rNeg    . . .      Spirit   .   d - +0 chain mail
rPois   .          Reflect  .   (helmet restricted)
rElec   .          Harm     .   (no cloak)
rCorr   .          Rampage  .   j - +1 pair of gloves
Will    .....                   (no boots)
Stlth   ..........              t - amulet of faith
HPRegen 0.21/turn               h - ring of protection from fire
MPRegen 0.10/turn               k - +6 ring of strength

@: no status effects
A: horns 2, retaliatory headbutt
a: Renounce Religion, Berserk, Trog's Hand


You were on level 6 of the Dungeon.
You worshipped Trog.
Trog was most pleased with you.
You visited 1 branch of the dungeon, and saw 6 of its levels.

You collected 214 gold pieces.

Inventory:

Hand Weapons
 a - a +0 war axe (weapon)
Missiles
 f - 29 poisoned darts (quivered)
Armour
 d - a +0 chain mail (worn)
 j - a +1 pair of gloves (worn)
 v - a +0 kite shield (worn)
Jewellery
 h - a ring of protection from fire (left hand)
 k - a +6 ring of strength (right hand)
 t - an amulet of faith (around neck)
 x - a ring of protection from fire
Wands
 q - a wand of flame (22)
 w - a wand of iceblast (10)
Scrolls
 e - a scroll of brand weapon {unknown}
 i - 3 scrolls of identify {unknown}
 l - 2 scrolls of noise {unknown}
 m - a scroll of teleportation {unknown}
 n - a scroll of enchant armour {unknown}
 o - 2 scrolls of magic mapping {unknown}
 r - a scroll of amnesia {unknown}
Potions
 b - 4 potions of flight {unknown}
 c - 2 potions of curing {unknown}
 g - 2 potions of heal wounds {unknown}
 p - a potion of lignification {unknown}
 s - a potion of berserk rage {unknown}
 u - a potion of attraction {unknown}


   Skills:
 - Level 5.0 Fighting
 + Level 11.1 Axes
 - Level 2.4 Armour
 - Level 2.1 Dodging
 + Level 2.8 Shields


You had 7 spell levels left.
You didn't know any spells.
Your spell library was empty.

Dungeon Overview and Level Annotations

Branches:
Dungeon (6/15)             Temple (0/1) D:5

Altars:
Cheibriados
Dithmenos
Gozag
Kikubaaqudgha
Uskayaw
Wu Jian
Yredelemnul

Shops:
D:5 [

Annotations:
D:4 2 transporters, Menkaure


Innate Abilities, Weirdness & Mutations

You have a pair of horns on your head.
You reflexively headbutt those who attack you in melee.


Message History

The orc priest hits you but does no damage.
The orc hits you but does no damage. x2
The orc priest calls down the wrath of Beogh upon you.
Beogh smites you!
You hit the orc.
The orc is almost dead.
You barely miss the white imp.
You hit the orc priest but do no damage.
The white imp hits you but does no damage.
The orc priest hits you with a +0 hand axe.
The orc hits you with a +0 hand axe.
You slash the orc!
You kill the orc!
Trog accepts your kill.
You closely miss the white imp. You hit the orc priest.
The white imp gestures at you. The puff of frost misses you.
The orc priest begins to cast a cantrip, but forgets the words!
You completely miss the orc priest.
The orc priest is almost dead.
You hit the white imp but do no damage. You hit the scorpion but do no damage.
The scorpion stings you but does no damage.
The white imp hits you. The white imp freezes you.
The orc priest begins to cast a cantrip, but forgets the words!
You completely miss the orc priest.
You headbutt the orc priest, but do no damage.
The orc priest is almost dead.
You hit the white imp. You hit the scorpion. You block the scorpion's attack.
The white imp hits you. The white imp freezes you.
The orc priest barely misses you. You block the scorpion's attack.
Unknown command.
The white imp gestures at you. The puff of frost hits you!
The orc priest calls down the wrath of Beogh upon you.
Beogh smites you!
* * * LOW HITPOINT WARNING * * *
There is an open door here.
The orc priest invokes the aid of Beogh against you.
Beogh smites you!
You die...

... ... ....
####### ....#
#.....##+#####....#
#.....#....5.......
#.....#....(.......
#....>#[@.so)......
#.....###'##Y.....#
######.....#......#
#.....#...!...
#.....#.......
#.....#.......
#.....#.......
#####.....####...#
#...###......#


You could see an ice beast, a scorpion, an orc priest and a white imp.

Vanquished Creatures
  An orc warrior (D:5)
  A necrophage (D:4)
  2 ogres
  A phantom (D:5)
  A bullfrog (D:4)
  A water moccasin skeleton (D:5)
  A howler monkey (D:5)
  A bullfrog zombie (D:5)
  A centaur zombie (D:5)
  A hound (D:4)
  A bullfrog skeleton (D:5)
  An iron imp (D:3)
  2 jellies
  An orc priest (D:6)
  Natasha (thrice) (D:4)
  2 orc wizards
  A hound zombie (D:5)
  2 hound skeletons
  4 adders
  A shadow imp (D:5)
  An adder skeleton (D:4)
  3 worms (D:2)
  A dart slug (D:3)
  9 orcs
  6 ball pythons
  6 endoplasms
  A giant cockroach (D:3)
  7 goblins
  13 hobgoblins
  5 kobolds
  5 quokkas
  4 bats
  4 frilled lizards
  6 rats
100 creatures vanquished.

Vanquished Creatures (others)
  5 plants (D:3)
  4 toadstools (D:1)
9 creatures vanquished.

Grand Total: 109 creatures vanquished

Notes
Turn   | Place    | Note
-------+----------+-------------------------------------------
     0 | D:1      | Tinkle the Minotaur Berserker began the quest for the Orb.
     0 | D:1      | Reached XP level 1. HP: 19/19 MP: 0/0
    39 | D:1      | Reached skill level 4 in Axes
    41 | D:1      | Reached XP level 2. HP: 10/27 MP: 1/1
   459 | D:1      | Found a faded altar of an unknown god.
   499 | D:1      | You fall into a shaft and drop 1 floor!
   624 | D:2      | Reached ** piety under Trog
   667 | D:2      | Reached XP level 3. HP: 33/34 MP: 2/2
  1407 | D:2      | Found a shadowy altar of Dithmenos.
  1847 | D:3      | Reached skill level 5 in Fighting
  1847 | D:3      | Reached skill level 5 in Axes
  1847 | D:3      | Reached XP level 4. HP: 42/42 MP: 3/3
  1920 | D:3      | Found a snail-covered altar of Cheibriados.
  2315 | D:3      | Found an ornate altar of the Wu Jian Council.
  2567 | D:4      | Noticed a bullfrog
  2573 | D:4      | Killed a bullfrog
  2574 | D:4      | Reached skill level 6 in Axes
  2574 | D:4      | Reached XP level 5. HP: 42/48 MP: 4/4
  2652 | D:4      | Reached skill level 7 in Axes
  2737 | D:4      | Noticed a necrophage
  2751 | D:4      | Killed a necrophage
  2752 | D:4      | Reached XP level 6. HP: 37/56 MP: 5/5
  2909 | D:4      | Noticed a +0 dagger
  2909 | D:4      | Noticed a +0 dagger
  2910 | D:4      | Found a hide-covered altar of Uskayaw.
  2962 | D:4      | Noticed Natasha
  2969 | D:4      | Killed Natasha
  2970 | D:4      | Reached skill level 8 in Axes
  3042 | D:4      | Noticed Natasha
  3048 | D:4      | Killed Natasha
  3064 | D:4      | Noticed Natasha
  3075 | D:4      | Killed Natasha
  3221 | D:4      | Reached *** piety under Trog
  3226 | D:4      | Found a basalt altar of Yredelemnul.
  3228 | D:4      | Noticed Menkaure
  3230 | D:4      | Found an ancient bone altar of Kikubaaqudgha.
  3233 | D:4      | Found a transporter.
  3248 | D:4      | Found a transporter.
  3534 | D:5      | Entered Level 5 of the Dungeon
  3720 | D:5      | Reached skill level 9 in Axes
  3720 | D:5      | Reached XP level 7. HP: 61/61 MP: 6/6
  3752 | D:5      | Found Cehyagh's Antique Armour Boutique.
  4106 | D:5      | Found a staircase to the Ecumenical Temple.
  4156 | D:5      | Found an opulent altar of Gozag.
  4262 | D:5      | Reached skill level 10 in Axes
  4624 | D:6      | Reached skill level 1 in Shields
  4781 | D:5      | Reached skill level 11 in Axes
  4781 | D:5      | Reached XP level 8. HP: 51/68 MP: 7/7
  5074 | D:6      | Killed from afar by an orc priest

Illustrated notes

Levels and vault maps discovered:
D:1:      ldierk_water_garden, layout_rooms, ebering_ecumenical_altar_webs,
          hex_tiny
D:2:      layout_loops_ring, basic_altar
D:3:      layout_loops_ring, slow_altar_1, marbit_many_paths, serial_forest,
          infiniplex_forest_end_3, infiniplex_forest_straight_1,
          infiniplex_forest_clump_medium, infiniplex_forest_lined_corner,
          infiniplex_forest_lined_room_3, infiniplex_forest_clump_large,
          infiniplex_forest_lined_4_way, infiniplex_forest_straight_4,
          infiniplex_forest_clump_medium, infiniplex_forest_clump_small,
          minmay_bisected
D:4:      layout_basic, gammafunk_temple_of_torment, dancing_weapons_uskayaw,
          uniq_natasha
D:5:      minmay_general_purpose_star, layout_loops_cross,
          overflow_temple_1_default, minmay_temple_entry_drinking_statues,
          serial_shops, shop, minmay_misc_feat_x
D:6:      layout_gridville, grunt_decor_arrowhead

Skill      XL: |  1  2  3  4  5  6  7 |
---------------+----------------------+-----
Fighting       | 4 5 |  5.0
Axes           | 4 5 6 7 9 11 | 11.1
Shields        | 2 |  2.8
Armour         | |  2.4
Dodging        | |  2.1

Action                   |  1- 3 |  4- 6 |  7- 9 || total
-------------------------+-------+-------+-------++-------
Melee: Hand axe          |    84 |    82 |    29 ||   195
       Headbutt          |    18 |    20 |    21 ||    59
       War axe           |       |       |    54 ||    54
Throw: Dart              |       |    15 |     7 ||    22
Armor: Chain mail        |    22 |    31 |    28 ||    81
       Animal skin       |     3 |       |       ||     3
Dodge: Dodged            |    46 |    27 |    20 ||    93
Block: Kite shield       |       |       |    14 ||    14

Table legend: (Time is in decaauts)
 A = Elapsed time spent in this place.
 B = Non-inter-level travel time spent in this place.
 C = Inter-level travel time spent in this place.
 D = Time resting spent in this place.
 E = Time spent auto-exploring this place.
 F = Levels seen in this place.
 G = Mean time per level.
                   A        B        C        D        E       F      G
               +--------+--------+--------+--------+--------+-----+--------+
         Total |   5097 |   4989 |    108 |   1055 |   3122 |   6 |  849.5 |
       Dungeon |   5097 |   4989 |    108 |   1055 |   3122 |   6 |  849.5 |
               +--------+--------+--------+--------+--------+-----+--------+

Top non-repeatable levels by time:
     D:5: 1165 daAuts
     D:4: 994 daAuts
     D:3: 916 daAuts
     D:2: 883 daAuts
     D:1: 760 daAuts
     D:6: 377 daAuts
